 Dungeon Crawl Stone Soup version 0.31-a0-240-gb923e448b6 (webtiles) character file.

Game seed: 17492768756599736532

272 Nattfarinn the Changeling (level 6, -2/43 HPs)
             Began as a Djinni Shapeshifter on July 12, 2023.
             Was an Initiate of Makhleb.
             Slain by a black bear (5 damage)
             ... on level 5 of the Dungeon.
             The game lasted 00:03:14 (2341 turns).

Nattfarinn the Changeling (Djinni Shapeshifter)     Turns: 2341, Time: 00:03:14

Health: -2/43      AC:  2    Str: 16    XL:     6   Next: 48%
Gold:   181        EV: 12    Int: 10    God:    Makhleb [......] SH:  0 Dex: 13

rFire   + +          .
                       - Unarmed
rCold   x . .        (no shield)
rNeg    . . .        a - +0 animal skin
rPois   ∞            (helmet currently unavailable)
rElec   .            (cloak currently unavailable)
rCorr   .            (gloves currently unavailable)
SInv    .            (boots unavailable)
Will    .....        (no amulet)
Stlth   +            (no ring)
HPRegen 0.27/turn    (no ring)
MPRegen 0.00/turn

%: infuse magic (-3 HP)
@: beast-form, flying
A: beast (slay +3), flying, sickness immunity, fire resistance 2, cold
vulnerability 1, float, innate caster, HP casting, extra vitality 1
a: Renounce Religion


You were on level 5 of the Dungeon.
You worshipped Makhleb.
Makhleb was noncommittal.
You were a hulking beast.
You visited 2 branches of the dungeon, and saw 5 of its levels.

You collected 181 gold pieces.

Inventory:

Armour
 a - a +0 animal skin (worn)
Talismans
 c - a beast talisman
Scrolls
 d - 5 scrolls of amnesia {unknown}
 f - a scroll of revelation {unknown}
 g - 3 scrolls of identify {unknown}
 j - 3 scrolls of teleportation {unknown}
 k - a scroll of enchant weapon {unknown}
 m - a scroll of blinking {unknown}
Potions
 b - 2 potions of lignification
 e - a potion of curing
 i - a potion of invisibility {unknown}
 l - a potion of ambrosia {unknown}


   Skills:
 - Level 2.0 Fighting
 - Level 2.1 Dodging
 - Level 2.0 Unarmed Combat
 * Level 5.4 Shapeshifting


You knew the following spells:

 Your Spells              Type           Power      Damage    Failure   Level
a - Shock                 Conj/Air       0%         1d3       36%         1
b - Blink                 Tloc           0%         N/A       50%         2
Your spell library was empty.

Dungeon Overview and Level Annotations

Branches:
Dungeon (5/15)             Temple (1/1) D:4

Altars:
Fedhas
Makhleb
Nemelex Xobeh
Okawaru
Qazlal
Trog
Yredelemnul


Innate Abilities, Weirdness & Mutations

You are a hulking beast.
Your limbs bulge with bestial killing power. (Slay +3)
You are flying.
You are immune to sickness and miasma.
You are immune to poison.
Your flesh is very heat resistant. (rF++)
You are vulnerable to cold. (rC-)
You float through the air rather than walking.
You learn spells naturally, not from books.
Your magical power is your life essence.
You have superior vitality. (+4 MHP)


Message History

You hit the adder.
The adder is heavily wounded.
The adder completely misses you.
You barely miss the adder.
The adder is heavily wounded.
The adder completely misses you. The black bear bites you.
The black bear barely misses you. The black bear closely misses you.
You hit the adder.
The adder is heavily wounded.
The adder barely misses you. The black bear closely misses you.
The black bear claws you. The black bear barely misses you.
You punch the adder!
You kill the adder!
Makhleb accepts your kill.
The black bear bites you but does no damage.
The black bear claws you. x2
You hit the black bear.
The black bear is lightly wounded.
The black bear bites you but does no damage.
The black bear misses you.
The black bear claws you but does no damage.
You punch the black bear!
The black bear is moderately wounded.
The black bear misses you. The black bear claws you.
The black bear completely misses you.
A black bear is nearby!
You punch the black bear!
The black bear is severely wounded.
The black bear bites you. The black bear claws you. x2
You hit the black bear.
The black bear is severely wounded.
You hit the black bear.
The black bear is almost dead.
The black bear goes berserk!
You hit the black bear.
The black bear is almost dead.
The black bear bites you!
* * * LOW HITPOINT WARNING * * *
The black bear claws you.
You die...

#.# ####.####
##.#########......
#.............####
#..##########.#
#..# #.# #..# #.#
#..##########.#
##..##.........#
#.h.##.#########
#h†### #..# #..#
#..# #..# #..#
....


You could see a black bear (berserk).

Vanquished Creatures
  2 phantoms (D:5)
  An iguana (D:4)
  5 adders
  2 dart slugs
  A bat (D:1)
  6 endoplasms
  5 giant cockroaches
  5 goblins
  6 kobolds
  3 quokkas
  5 ball pythons
  A frilled lizard (D:1)
  10 rats
52 creatures vanquished.

Notes
Turn   | Place    | Note
-------+----------+-------------------------------------------
     0 | D:1      | Nattfarinn the Djinni Shapeshifter began the quest for the
                  | Orb.
     0 | D:1      | Reached XP level 1. HP: 18/18 MP: 0/0
    96 | D:1      | Reached skill level 3 in Shapeshifting
    96 | D:1      | Reached XP level 2. HP: 23/23 MP: 0/0
   496 | D:1      | Reached XP level 3. HP: 28/28 MP: 0/0
   496 | D:1      | Learned a level 1 spell: Shock
   988 | D:2      | Found a blossoming altar of Fedhas.
   989 | D:2      | You are sucked into a shaft and drop 2 floors!
  1039 | D:4      | Reached XP level 4. HP: 33/33 MP: 0/0
  1073 | D:4      | Found a staircase to the Ecumenical Temple.
  1099 | D:4      | Reached skill level 4 in Shapeshifting
  1104 | Temple   | Entered the Ecumenical Temple
  1169 | Temple   | Became a worshipper of Makhleb the Destroyer
  1262 | D:4      | Found a bloodstained altar of Trog.
  1672 | D:4      | Reached XP level 5. HP: 37/38 MP: 0/0
  1672 | D:4      | Learned a level 2 spell: Blink
  2089 | D:5      | Entered Level 5 of the Dungeon
  2128 | D:5      | Noticed a phantom
  2142 | D:5      | Killed a phantom
  2245 | D:5      | Noticed a phantom
  2255 | D:5      | Killed a phantom
  2256 | D:5      | Reached skill level 5 in Shapeshifting
  2256 | D:5      | Reached XP level 6. HP: 33/43 MP: 0/0
  2327 | D:5      | Noticed a black bear
  2341 | D:5      | Slain by a black bear

Illustrated notes

Levels and vault maps discovered:
D:1:      roderic_dead_forest, layout_loops_ring, chequers_serial_rivers_small_b
D:2:      layout_rooms, basic_altar
D:4:      layout_loops_corners, mainiacjoe_overflow_alcove_1,
          minmay_temple_entry_large_hall, minmay_misc_feat_plants
D:5:      minmay_razor_zed, layout_loops_ring, general_overflow_altar,
          zin_academy, dk_vineyard_2
Temple:   oiseaux_autumnal_temple

Skill      XL: |  1  2  3  4  5 |
---------------+----------------+-----
Shapeshifting  | 3 4 5 |  5.4
Fighting       | |  2.0
Dodging        | |  2.1
Unarmed Combat | |  2.0

Action                     |  1- 3 |  4- 6 || total
---------------------------+-------+-------++-------
  Melee: Unarmed           |    83 |    87 ||   170
         Punch             |     3 |     2 ||     5
    Use: Potion            |       |     2 ||     2
   Stab: Distracted        |     1 |       ||     1
         Sleeping          |     2 |     1 ||     3
 Armour: Animal skin       |    13 |    15 ||    28
  Dodge: Dodged            |    42 |    47 ||    89

Table legend: (Time is in decaauts)
 A = Elapsed time spent in this place.
 B = Non-inter-level travel time spent in this place.
 C = Inter-level travel time spent in this place.
 D = Time resting spent in this place.
 E = Time spent auto-exploring this place.
 F = Levels seen in this place.
 G = Mean time per level.
                   A        B        C        D        E       F      G
               +--------+--------+--------+--------+--------+-----+--------+
         Total |   2343 |   2294 |     49 |      0 |   1904 |   5 |  468.6 |
       Dungeon |   2249 |   2228 |     21 |      0 |   1851 |   4 |  562.2 |
        Temple |     93 |     65 |     28 |      0 |     53 |   1 |   93.0 |
               +--------+--------+--------+--------+--------+-----+--------+

Top non-repeatable levels by time:
     D:4: 1004 daAuts
     D:1: 697 daAuts
     D:2: 288 daAuts
     D:5: 259 daAuts
  Temple: 93 daAuts
